 Dungeon Crawl Stone Soup version 0.19-a0-1111-gcceb26a (console) character file.

6568 brucemayne the Cleaver (level 10, -3/106 (111) HPs)
             Began as a Vampire Berserker on Aug 11, 2016.
             Was a Believer of Trog.
             Slain by an orc warrior
             ... wielding a +0 trident
             ... led by Saint Roka
              (15 damage)
             ... on level 2 of the Orcish Mines.
             The game lasted 00:25:17 (4313 turns).

brucemayne the Cleaver (Vampire Berserker)          Turns: 4313, Time: 00:25:17

HP:   -3/106 (111)  AC: 25    Str: 24    XL:     10   Next: 70%
MP:   10/10         EV:  2    Int:  9    God:    Trog [**....]
Gold: 686           SH:  3    Dex: 20    Spells: 0 memorised, 9 levels left

rFire  . . .     SeeInvis +     x - +0 dire flail (venom)
rCold  . . .     Gourm    .     (armour currently unavailable)
rNeg   + + +     Faith    .     (shield currently unavailable)
rPois  +         Spirit   .     (helmet currently unavailable)
rElec  .         Dismiss  .     (cloak currently unavailable)
rCorr  .         Reflect  +     (gloves currently unavailable)
SustAt .         Harm     .     (boots currently unavailable)
MR     +++..     NoTele   +     A - +3 amulet of reflection
Stlth  +++.......               (no ring)
                                (no ring)

@: mighty, agile, tree-form (expiring), very slightly contaminated,
regenerating, hasted, very quick
A: (fangs 0), see invisible, (unbreathing)
a: Bat Form, Berserk, Trog's Hand, Burn Spellbooks, Renounce Religion


You were on level 2 of the Orcish Mines.
You worshipped Trog.
Trog was pleased with you.
You were not thirsty.
You were a tree.
You visited 2 branches of the dungeon, and saw 14 of its levels.

You collected 686 gold pieces.

Inventory:

Hand Weapons
 a - a +0 hand axe
 c - a +0 blowgun
 t - a +1 quarterstaff of protection
 u - a +1 war axe
 v - a +0 war axe
 x - a +0 dire flail of venom (weapon)
Missiles
 f - 5 poisoned needles
Armour
 b - a +0 animal skin
 i - a +0 ring mail
 k - a +2 chain mail of poison resistance (melded)
 n - a cursed +0 robe
 p - a +0 plate armour
 s - a +0 cloak (melded)
 z - a troll hide
Jewellery
 A - a +3 amulet of reflection (around neck)
Scrolls
 d - 4 scrolls of remove curse
 g - a scroll of enchant weapon
 m - a scroll of fog {unknown}
 r - a scroll of magic mapping {unknown}
 y - a scroll of immolation {unknown}
 B - a scroll of enchant armour {unknown}
 G - a scroll of teleportation {unknown}
 H - a scroll of torment {unknown}
Potions
 h - a potion of berserk rage
 j - a potion of lignification
 l - 25 potions of blood
 o - a potion of haste
 E - a potion of magic
 F - a potion of heal wounds {unknown}
Books
 C - a book of Misfortune

   Spells                             Type                      Level
   a - Confusing Touch                Hexes                        1
   b - Confuse                        Hexes                        3
   c - Gell's Gravitas                Hexes/Translocation          3
   d - Petrify                        Transmutation/Earth          4
   e - Metabolic Englaciation         Hexes/Ice                    5
   f - Yara's Violent Unravelling     Hexes/Transmutation          5
   Trog disapproves of the use of such an item.


   Skills:
 - Level 5.5 Fighting
 + Level 13.1 Axes
 - Level 4.9 Armour
 - Level 2.1 Dodging


You had 9 spell levels left.
You didn't know any spells.

Dungeon Overview and Level Annotations

Branches:
Dungeon (12/15)               Orc (2/2) D:9
 Temple: D:4-7         Lair: D:8-11         Elf: Orc:2

Altars:
Makhleb
Ru
Sif Muna
Beogh

Shops:
Orc:1 %

Annotations:
D:5 Pikel
D:11 exclusion: downstairs, FrancescoMac's ghost, journeyman MiFi
Orc:2 Saint Roka


Innate Abilities, Weirdness & Mutations

((You have razor-sharp teeth.))
You have supernaturally acute eyesight. (SInv)
((You can survive without breathing.))


Message History

You hit Saint Roka but do no damage.
Saint Roka is severely wounded.
Your transformation is almost over.
Saint Roka roars a battlecry!
Saint Roka hits you with an uncursed battleaxe!!
* * * LOW HITPOINT WARNING * * *
You hear a shout!
You hit Saint Roka but do no damage.
Saint Roka is severely wounded.
You thump Saint Roka!
Saint Roka is almost dead.
You hit Saint Roka.
Saint Roka looks as sick as possible!
Saint Roka is almost dead.
Saint Roka roars a battlecry!
Saint Roka hits you with an uncursed battleaxe!
* * * LOW HITPOINT WARNING * * *
You hit Saint Roka.
Saint Roka is almost dead.
The orc warrior hits you from afar with a trident!
You die...

#..## ###..## ....#
##.....#### ....#
#.......#.## ....#
###.........# ....##
###.#........##
.....####.#...........##
.......##.#............##
.##.....#.......Ooo.....##
.##.............♣#.......##
##............#####o......##
............[..##..........#
...#........<[##..........#
...#.......[[)..#........##
.............[..........##
.....................####
........####..........#
.......## #.).o.....###


You could see Saint Roka, an orc warrior and an ogre.

Vanquished Creatures
  An unseen horror (D:10)
  An orc sorcerer (Orc:2)
  Maurice (D:8)
  A centaur skeleton (D:12)
  A two-headed ogre (D:9)
  A troll (Orc:1)
  4 yaks (D:11)
  A vampire (D:11)
  A hippogriff (D:9)
  3 wargs
  12 orc warriors
  A swamp drake (D:9)
  2 sky beasts
  An eye of draining (D:9)
  3 necrophages
  A centaur (D:9)
  5 ogres
  A big kobold (D:8)
  2 giant frogs (D:8)
  A crimson imp (D:9)
  A howler monkey (D:8)
  A giant frog zombie (D:9)
  2 hounds
  A quasit (D:10)
  6 orc wizards
  9 orc priests
  2 giant frog skeletons (D:11)
  2 iguanas (D:9)
  4 worker ants
  A killer bee zombie (D:9)
  A hound skeleton (D:8)
  4 gnolls (D:8)
  6 adders
  2 oozes
  An adder skeleton (D:8)
  33 orcs
  A giant cockroach (D:8)
  A goblin (D:3)
  3 jackals (D:8)
  4 kobolds
  3 quokkas
  A bat (D:3)
  2 giant newts (D:4)
  A quokka skeleton (D:5)
136 creatures vanquished.

Notes
Turn   | Place    | Note
-------+----------+-------------------------------------------
     0 | D:1      | brucemayne the Vampire Berserker began the quest for the Orb.
     0 | D:1      | Reached XP level 1. HP: 17/17 MP: 1/1
    52 | D:4      | Noticed a hound
    57 | D:4      | Killed a hound
    57 | D:4      | Reached skill level 3 in Axes
    57 | D:4      | Reached XP level 2. HP: 23/23 MP: 2/2
    57 | D:4      | Reached XP level 3. HP: 28/28 MP: 3/3
    60 | D:4      | Reached skill level 4 in Axes
   338 | D:5      | Entered Level 5 of the Dungeon
   338 | D:5      | Noticed an ogre
   342 | D:5      | Killed an ogre
   342 | D:5      | Reached skill level 5 in Axes
   342 | D:5      | Reached XP level 4. HP: 34/34 MP: 4/4
   343 | D:5      | Noticed a slave
   344 | D:5      | Noticed a slave
   347 | D:5      | Noticed Pikel
   347 | D:5      | Reached XP level 5. HP: 37/39 MP: 5/5
   529 | D:4      | Noticed an ogre
   859 | D:7      | Noticed a necrophage
   879 | D:7      | Killed a necrophage
   879 | D:7      | Reached skill level 6 in Axes
   879 | D:7      | Reached XP level 6. HP: 27/46 MP: 6/6
   965 | D:8      | Noticed Maurice
  1001 | D:8      | Killed Maurice
  1001 | D:8      | Reached ** piety under Trog
  1001 | D:8      | Reached skill level 7 in Axes
  1001 | D:8      | Reached XP level 7. HP: 16/51 MP: 7/7
  1043 | D:8      | Reached skill level 8 in Axes
  1500 | D:9      | Reached XP level 8. HP: 33/58 MP: 8/8
  1671 | D:9      | Reached skill level 9 in Axes
  1757 | D:9      | Found a staircase to the Orcish Mines.
  1813 | Orc:1    | Entered Level 1 of the Orcish Mines
  1842 | Orc:1    | Noticed a two-headed ogre
  1913 | D:9      | Killed a two-headed ogre
  1972 | Orc:1    | Reached XP level 9. HP: 56/65 MP: 9/9
  2061 | Orc:2    | Entered Level 2 of the Orcish Mines
  2121 | Orc:2    | Reached skill level 10 in Axes
  2262 | Orc:2    | Noticed a troll
  2279 | Orc:1    | Killed a troll
  2421 | Orc:1    | Found Ecympol's Food Boutique.
  2531 | Orc:2    | Noticed an orc sorcerer
  2555 | Orc:2    | Noticed a sixfirhy
  2557 | Orc:2    | Killed an orc sorcerer
  2557 | Orc:2    | Reached skill level 5 in Fighting
  2624 | Orc:2    | Noticed Saint Roka
  2723 | D:9      | Reached skill level 11 in Axes
  2888 | D:10     | Entered Level 10 of the Dungeon
  2986 | D:10     | Reached XP level 10. HP: 49/74 MP: 10/10
  3062 | D:10     | Noticed an unseen horror
  3089 | D:10     | Killed an unseen horror
  3182 | D:12     | Noticed a cyclops
  3246 | D:11     | Reached skill level 12 in Axes
  3288 | D:11     | Noticed FrancescoMac's ghost (journeyman MiFi)
  3729 | D:8      | Found a sacrificial altar of Ru.
  3729 | D:8      | Found a burning altar of Makhleb.
  3840 | D:8      | Found a deep blue altar of Sif Muna.
  3988 | Orc:2    | Reached skill level 13 in Axes
  4182 | Orc:1    | Found a roughly hewn altar of Beogh.
  4313 | Orc:2    | Slain by an orc warrior

Vault maps used:
D:1:      lightli_arrival_quake, roderic_lattice_a
D:2:      grunt_decor_clamped
D:3:      uniq_grinder
D:4:      okawaru_altar_gauntlet_db, first_bread, grunt_ministairs_7
D:5:      uniq_pikel
D:6:      nemelex_xobeh_ov_fountains_minmay, mrwooster_statue_mirror,
          minmay_lizard_king
D:7:      lemuel_mausoleum_altar_yredelemnul, serial_shops,
          nicolae_shop_behind_doors, hangedman_glass_teeth, uniq_menkaure
D:8:      kennysheep_little_box, gammafunk_temple_overflow_elements,
          lemuel_statue_altar, uniq_maurice
D:9:      lair_0_dummy, erik_orc_1
D:11:     uniq_snorg
D:12:     hangedman_stone_soup, moated_statue
Orc:1:    serial_shops, shop, nicolae_orc_lost_temple
Orc:2:    st_orc_congregation, uniq_saint_roka

Skill      XL: |  1  2  3  4  5  6  7  8  9 10 |
---------------+-------------------------------+-----
Axes           | 3 5 6 7 8 9 11 13 | 13.1
Fighting       | 3 4 5 |  5.5
Armour         | 4 |  4.9
Dodging        | |  2.1

Action                   |  1- 3 |  4- 6 |  7- 9 | 10-12 || total
-------------------------+-------+-------+-------+-------++-------
Melee: Hand axe          |    23 |   102 |   159 |       ||   284
       Bite              |     3 |    11 |    42 |    23 ||    79
       War axe           |       |       |   235 |   158 ||   393
       Dire flail        |       |       |       |    25 ||    25
 Fire: Blowgun           |     5 |       |       |       ||     5
Invok: Berserk           |     2 |     1 |    11 |     1 ||    15
       Trog's Hand       |       |       |    18 |     6 ||    24
       Burn Spellbooks   |       |       |       |     1 ||     1
 Abil: End Transformatio |       |     1 |     8 |     5 ||    14
       Bat Form          |       |     1 |     8 |     5 ||    14
  Use: Potion            |     2 |     3 |    22 |    11 ||    38
       Scroll            |       |       |     2 |     3 ||     5
Armor: Animal skin       |     1 |       |       |       ||     1
       Ring mail         |       |     5 |       |       ||     5
       Chain mail        |       |    37 |   231 |    62 ||   330
       Skin              |       |       |       |     6 ||     6
Dodge: Dodged            |    17 |    36 |   182 |    46 ||   281
Block: Other             |       |       |     1 |    22 ||    23
